 Dungeon Crawl Stone Soup version 0.28-a0-1412-gf95308ed99 (webtiles) character file.

Game seed: 12560860897757804731

92505 Strat the Eclecticist (level 15, -1/100 HPs)
             Began as a Deep Elf Air Elementalist on Jan 3, 2022.
             Was a High Priest of Ashenzari.
             Slain by a centaur warrior (4 damage)
             ... on level 13 of the Dungeon on Jan 6, 2022.
             The game lasted 01:50:01 (36914 turns).

Strat the Eclecticist (Deep Elf Air Elementalist)  Turns: 36914, Time: 01:50:02

Health: -1/100     AC: 10    Str:  7    XL:     15   Next: 58%
Magic:  30/41      EV: 37    Int: 30    God:    Ashenzari [*****.]
Gold:   1418       SH:  0    Dex: 20    Spells: 25/54 levels left

rFire   . . .      SeeInvis +   a - +4 scimitar of Apeoromancy {vorpal, Dex+5, Elem, Fort} (curse)
rCold   . . .      Faith    .   X - orb "Gaze Upon Infinity" {*channel, Evo, Elem} (curse)
rNeg    + . .      Spirit   .   r - +2 robe "Manifest Submission" {rN+, Elem, Evo} (curse)
rPois   +          Reflect  .   R - +0 helmet of Supernal Gnosis {rElec, Cun, Bglg} (curse)
rElec   +          Harm     .   u - +2 cloak "Restrained Anxiety" {Elem, Cun} (curse)
rCorr   +          Rampage  .   (no gloves)
Will    ++...      Clarity  +   V - +1 pair of boots "Share My Fortune-Teller" {Stlth+, Self, Melee} (curse)
Stlth   +++++.....              Q - amulet of Ashenzari's Dismay {Acrobat, Melee, Elem} (curse)
HPRegen 0.26/turn               N - ring "Share My Visionary" {Will+, Evo, Cun} (curse)
MPRegen 0.27/turn               w - ring "Gnosis of Ashenzari" {rPois rCorr Int+4, Evo, Comp} (curse)

@: acrobatic
A: no striking features
a: Renounce Religion, Curse Item, Shatter the Chains


You were on level 13 of the Dungeon.
You worshipped Ashenzari.
Ashenzari was extremely pleased with you.
You visited 4 branches of the dungeon, and saw 22 of its levels.
You also visited: Ossuary, Bailey and Gauntlet.

You collected 2400 gold pieces.
You spent 982 gold pieces at shops.

Inventory:

Hand Weapons
 a - the cursed +4 scimitar of Apeoromancy (weapon) {vorpal, Dex+5, Elem, Fort}
   (You took it off a spriggan in a bailey)

   It inflicts extra damage upon your enemies.
   Dex:       It affects your dexterity (+5).
   It has a curse which improves the following skills: Elements: Fire Magic, Ice
   Magic, Air Magic and Earth Magic.
   Fortitude: Armour and Shields.
 l - the +5 scimitar "Demonslayer" {elec, rElec rF+++ Int-4 Dex+3}
   (You found it on level 4 of the Lair of Beasts)

   It occasionally discharges a powerful burst of electricity upon striking a
   foe.
   Int:       It affects your intelligence (-4).
   Dex:       It affects your dexterity (+3).
   rF:        It renders you almost immune to fire.
   rElec:     It insulates you from electricity.
 F - a +7 quick blade
Missiles
 b - 595 stones
 e - 62 poisoned darts
 j - 7 curare-tipped darts
 D - 2 boomerangs of dispersal
Armour
 f - a +2 cloak of stealth
 r - the cursed +2 robe "Manifest Submission" (worn) {rN+, Elem, Evo}
   (You took it off a wight on level 5 of the Dungeon)

   It has a curse which improves the following skills: Elements: Fire Magic, Ice
   Magic, Air Magic and Earth Magic.
   Evocations: Evocations.
 u - the cursed +2 cloak "Restrained Anxiety" (worn) {Elem, Cun}
   (You found it on level 5 of the Dungeon)

   It has a curse which improves the following skills: Elements: Fire Magic, Ice
   Magic, Air Magic and Earth Magic.
   Cunning:   Dodging and Stealth.
 R - the cursed +0 helmet of Supernal Gnosis (worn) {rElec, Cun, Bglg}
   (You found it on level 1 of the Lair of Beasts)

   rElec:     It insulates you from electricity.
   It has a curse which improves the following skills: Cunning: Dodging and
   Stealth.
   Beguiling: Conjurations, Hexes and Translocations.
 V - the cursed +1 pair of boots "Share My Fortune-Teller" (worn) {Stlth+, Self, Melee}
   (You found it in a Gauntlet)

   It has a curse which improves the following skills: Introspection: Fighting
   and Spellcasting.
   Melee Combat: Short Blades, Long Blades, Axes, Maces & Flails, Polearms,
   Staves and Unarmed Combat.
 X - the cursed orb "Gaze Upon Infinity" (worn) {*channel, Evo, Elem}
   (You found it on level 6 of the Lair of Beasts)

   It has a curse which improves the following skills: Evocations: Evocations.
   Elements:  Fire Magic, Ice Magic, Air Magic and Earth Magic.
Jewellery
 o - a ring of wizardry
 t - a ring of protection from fire
 w - the cursed ring "Gnosis of Ashenzari" (right hand) {rPois rCorr Int+4, Evo, Comp}
   (You found it on level 4 of the Lair of Beasts)

   [ring of poison resistance]

   Int:       It affects your intelligence (+4).
   rPois:     It protects you from poison.
   rCorr:     It protects you from acid and corrosion.
   It has a curse which improves the following skills: Evocations: Evocations.
   Companions: Summonings and Necromancy.
 L - a ring of flight
 N - the cursed ring "Share My Visionary" (left hand) {Will+, Evo, Cun}
   (You took it off an orc wizard on level 9 of the Dungeon)

   [ring of willpower]

   Will:      It increases your willpower.
   It has a curse which improves the following skills: Evocations: Evocations.
   Cunning:   Dodging and Stealth.
 Q - the cursed amulet of Ashenzari's Dismay (around neck) {Acrobat, Melee, Elem}
   (You found it on level 11 of the Dungeon)

   [amulet of the acrobat]

   It increases your evasion while moving and waiting.
   It has a curse which improves the following skills: Melee Combat: Short
   Blades, Long Blades, Axes, Maces & Flails, Polearms, Staves and Unarmed
   Combat.
   Elements:  Fire Magic, Ice Magic, Air Magic and Earth Magic.
Wands
 n - a wand of iceblast (25)
 q - a wand of digging (15)
 s - a wand of polymorph (11)
 y - a wand of mindburst (23)
 C - a wand of flame (44)
 E - a wand of acid (15)
 K - a wand of charming (11)
 S - a wand of paralysis (18)
Scrolls
 x - 4 scrolls of teleportation
 M - 2 scrolls of amnesia
 O - a scroll of fog
 T - a scroll of holy word
Potions
 c - 2 potions of cancellation
 d - a potion of ambrosia
 g - 3 potions of might
 i - 4 potions of flight
 k - 3 potions of magic
 p - 2 potions of berserk rage
 z - 5 potions of attraction
 A - 2 potions of brilliance
 G - 5 potions of lignification
 I - 2 potions of haste
 J - 2 potions of mutation
 Z - a potion of resistance
Miscellaneous
 U - a phantom mirror
 W - a phantom mirror


   Skills:
 - Level 12.0(14.2) Fighting
 + Level 10.1(13.5) Long Blades
 - Level 10.0(14.5) Dodging
 - Level 4.1(8.1) Stealth
 - Level 2.4(4.3) Shields
 - Level 17.9(20.0) Spellcasting
 - Level 6.3(8.7) Conjurations
 - Level 3.0(5.0) Summonings
 - Level 3.2(5.2) Necromancy
 - Level 11.5(17.9) Air Magic
 - Level 8.5(14.0) Evocations


You had 25 spell levels left.
You knew the following spells:

 Your Spells              Type           Power      Damage    Failure   Level
a - Shock                 Conj/Air       100%       1d9       0%          1
b - Static Discharge      Conj/Air       83%        N/A       0%          2
c - Swiftness             Air            95%        N/A       0%          3
d - Poisonous Vapours     Pois/Air       100%       N/A       1%          2
e - Airstrike             Air            47%        N/A       0%          4
f - Summon Lightning Spi  Summ/Air       78%        N/A       1%          4
g - Lightning Bolt        Conj/Air       41%        1d60      1%          5
h - Agony                 Necr           58%        N/A       4%          5
i - Ozocubu's Armour      Ice            36%        N/A       2%          3

Your spell library contained the following spells:

 Spells                   Type           Power      Damage    Failure   Level
 Corpse Rot               Necr/Air       100%       N/A       0%          2
 Animate Skeleton         Necr           100%       N/A       1%          1
 Freeze                   Ice            100%       1d11      1%          1
 Pain                     Necr           100%       1d9       1%          1
 Vampiric Draining        Necr           58%        2d10      1%          3
 Dispel Undead            Necr           58%        3d21      1%          4
 Sticky Flame             Conj/Fire      56%        2d7       1%          4
 Silence                  Hex/Air        35%        N/A       1%          5
 Frozen Ramparts          Ice            72%        1d9       2%          3
 Confusing Touch          Hex            31%        N/A       3%          3
 Summon Ice Beast         Ice/Summ       48%        N/A       3%          4
 Ice Form                 Ice/Tmut       33%        N/A       10%         4
 Death Channel            Necr           29%        N/A       22%         6
 Yara's Violent Unravell  Hex/Tmut       15%        3d8       32%         5
 Haunt                    Necr/Summ      28%        N/A       78%         7
 Enfeeble                 Hex            15%        N/A       100%        7
 Borgnjor's Revivificati  Necr           29%        N/A       100%        8


Dungeon Overview and Level Annotations

Branches:
Dungeon (13/15)            Temple (1/1) D:4            Lair (6/6) D:11
 Shoals (0/4) Lair:2       Spider (0/4) Lair:2        Slime (0/5) Lair:5
    Orc (2/2) D:9             Elf (0/3) Orc:2       Ossuary (visited)
 Bailey (visited)         Gauntlet (visited)
 Vaults: D:13-14

Altars:
Ashenzari
Cheibriados
Dithmenos
Elyvilon
Fedhas
Gozag
Hepliaklqana
Kikubaaqudgha
Makhleb
Nemelex Xobeh
Okawaru
Qazlal
Ru
Sif Muna
Trog
Uskayaw
Vehumet
Wu Jian
Xom
Yredelemnul
Zin
The Shining One
Beogh
Jiyva
Lugonu

Shops:
D:6 =   D:13 *   Orc:2 [(*[!

Portals:
Abyss: Lair:6

Annotations:
D:2 1 runed translucent door, Crazy Yiuf
D:3 Grinder
D:8 2 transporters
Lair:5 exclusion: oklob plant


Message History

The centaur shoots an arrow.
The arrow hits you.
* * * LOW HITPOINT WARNING * * *
The centaur warrior shoots an arrow.
The arrow hits your death knight!
The centaur hits you but does no damage.
The centaur completely misses you. The centaur misses you.
The centaur closely misses you.
The centaur warrior hits your phantasmal warrior!
The centaur warrior closely misses your phantasmal warrior.
You feel better.
The centaur shoots an arrow.
The arrow hits you.
* * * LOW HITPOINT WARNING * * *
The centaur warrior shoots an arrow.
The arrow hits your death knight!! The centaur closely misses you.
The centaur completely misses you. The centaur closely misses you.
The centaur completely misses you.
The centaur warrior hits your phantasmal warrior!
The centaur warrior kicks your phantasmal warrior but does no damage.
Your death knight hits the centaur with a +4 battleaxe!!!
The centaur dies!
Your lightning spire shoots out a bolt of lightning at the centaur!
The bolt of electricity hits the centaur! x2
Your tengu warrior hits the centaur from afar with a +0 glaive.
Your phantasmal warrior gestures at the centaur.
Your phantasmal warrior blinks!
You feel better.
The centaur warrior shoots an arrow.
The arrow hits your death knight! The centaur hits your lightning spire.
The centaur kicks your lightning spire but does no damage.
The centaur unwields a +0 shortbow.
The centaur barely misses you.
The centaur kicks you but does no damage.
The centaur warrior shoots an arrow.
The arrow closely misses your death knight.
The arrow hits you!!
* * * LOW HITPOINT WARNING * * *
The centaur hits your lightning spire but does no damage.
The centaur kicks your lightning spire.
Your phantasmal warrior hits the centaur!!
The centaur dies!
Your tengu warrior hits the centaur from afar with a +0 glaive!!
The centaur dies!
Okay, then.
The centaur warrior hits you.
You die...

###.÷.##.##.......##* .. ,
####..##.c#........##... ,
###....................., ,
###......#.#..§§)))<....,,
#####...#...#§§§).)....#,,,*
#####...z.∩.§§§§§.#. , * ,
####.#pW.#§§####.* , ,*,,
###.W#c#§§.##### ,,,,,
##.Q8)@W.######, ,
########### *, , **
########## ,** ##########
***


You could see 2 centaur warriors, a friendly death knight (summoned), a friendly
skeletal warrior (summoned), a friendly tengu warrior (summoned), a friendly
phantasmal warrior (summoned), a friendly freezing wraith (summoned), a friendly
wraith (summoned) and a friendly lightning spire (summoned).

Vanquished Creatures
  Saint Roka (Orc:2)
  A stone giant (Orc:1)
  A dire elephant (Lair:6)
  A minotaur (Gauntlet)
  An ettin (D:9)
  Fannar (Lair:2)
  10 hydras
  2 centaur warriors
  3 two-headed ogres
  2 orc high priests (Orc:2)
  4 death yaks (Lair:6)
  3 thrashing horrors (Lair:6)
  A tengu warrior (D:10)
  A sixfirhy (Gauntlet)
  Nergalle (Lair:4)
  Pikel (D:7)
  An orc knight (Orc:2)
  An oklob plant (Gauntlet)
  3 ugly things
  9 cyclopes
  10 elephants
  2 black mambas
  2 smoke demons (Lair:6)
  2 gargoyles
  5 cane toads
  An unseen horror (D:10)
  Psyche (D:9)
  2 rime drakes
  4 komodo dragons
  A yaktaur (D:10)
  An ancient zyme (Lair:6)
  3 trolls
  4 blink frogs
  A slime creature (D:10)
  9 dream sheep
  A jumping spider (Lair:2)
  A shadow (D:9)
  4 wyverns
  A vampire (D:10)
  5 spriggans
  A ynoxinul (Lair:6)
  3 wraiths
  A basilisk (Lair:6)
  15 yaks
  A steam dragon (Bailey)
  2 vampire mosquitoes (D:12)
  4 wargs
  2 redbacks (Lair:2)
  An acid dragon (Gauntlet)
  9 water moccasins
  10 orc warriors
  A sky beast (D:6)
  A black bear (D:4)
  A necrophage (D:6)
  2 ice beasts
  7 ogres
  A phantom (D:6)
  18 wolves
  9 centaurs
  3 kobold brigands
  10 bullfrogs
  A small abomination (Lair:6)
  A wyvern zombie (D:9)
  A scorpion (D:6)
  A water moccasin zombie (D:6)
  2 water moccasin skeletons (D:6)
  A killer bee (D:9)
  8 wights
  11 howler monkeys
  3 bullfrog zombies
  A bullfrog skeleton (D:7)
  12 orc priests
  4 hounds
  A jelly (D:8)
  Jessica (D:3)
  20 orc wizards
  2 iguanas
  8 mummies (Ossuary)
  A howler monkey zombie (D:9)
  7 adders
  4 gnolls (D:6)
  A shadow imp (D:8)
  A white imp (D:7)
  An ufetubus (D:5)
  A worm (D:3)
  2 dart slugs
  73 orcs
  6 endoplasms
  6 giant cockroaches
  A gnoll zombie (Ossuary)
  7 goblins
  5 hobgoblins
  7 jackals (D:1)
  4 quokkas
  10 ball pythons
  4 bats
  A frilled lizard (D:1)
  3 hobgoblin zombies (Ossuary)
  14 kobolds
  2 kobold zombies (Ossuary)
  2 orc zombies (Ossuary)
  8 rats
459 creatures vanquished.

Vanquished Creatures (collateral kills)
  Rupert (Lair:5)
  2 ettins (Orc:1)
  Josephine (D:10)
  A great orb of eyes (Gauntlet)
  A hydra (Lair:5)
  A two-headed ogre (D:11)
  A thrashing horror (Lair:6)
  A deep elf pyromancer (D:12)
  10 cyclopes
  An orc sorcerer (Orc:2)
  12 elephants
  3 black mambas
  A torpor snail (Lair:4)
  2 smoke demons (Lair:6)
  6 cane toads
  8 komodo dragons
  An ancient zyme (Lair:6)
  4 polar bears
  4 trolls
  11 blink frogs
  5 dream sheep
  A ynoxinul (Lair:6)
  2 wyverns
  A spriggan (shapeshifter) (D:13)
  4 wraiths
  5 basilisks
  20 yaks
  A redback (Lair:2)
  4 wargs
  2 vampire mosquitoes (D:12)
  11 water moccasins
  A large abomination (Lair:6)
  27 orc warriors
  2 ogres (Orc:2)
  23 wolves
  8 centaurs
  4 bullfrogs
  16 orc priests
  8 small abominations (Lair:6)
  15 orc wizards
  37 orcs
269 creatures vanquished.

Vanquished Creatures (others)
  66 fungi
  135 plants
201 creatures vanquished.

Grand Total: 929 creatures vanquished

Notes
Turn   | Place    | Note
-------+----------+-------------------------------------------
     0 | D:1      | Strat the Deep Elf Air Elementalist began the quest for the
                  | Orb.
     0 | D:1      | Reached XP level 1. HP: 10/10 MP: 6/6
   488 | D:1      | Reached XP level 2. HP: 15/15 MP: 6/8
   491 | D:1      | Learned a level 2 spell: Static Discharge
  1434 | D:1      | Reached XP level 3. HP: 19/19 MP: 7/9
  1589 | D:2      | Learned a level 3 spell: Swiftness
  2172 | D:2      | Found a runed translucent door.
  2173 | D:2      | Noticed Crazy Yiuf
  2546 | D:2      | Found a faded altar of an unknown god.
  2680 | D:2      | Reached XP level 4. HP: 20/24 MP: 7/10
  3084 | D:3      | Noticed Jessica
  3090 | D:3      | Killed Jessica
  3619 | D:4      | Noticed a bullfrog
  3813 | D:4      | Found a staircase to the Ecumenical Temple.
  4004 | Temple   | Entered the Ecumenical Temple
  4227 | Temple   | Became a worshipper of Ashenzari the Shackled
  4274 | D:4      | Noticed a black bear
  4300 | D:3      | Reached skill level 5 in Air Magic
  4300 | D:3      | Reached XP level 5. HP: 24/28 MP: 2/11
  4395 | D:3      | Learned a level 2 spell: Poisonous Vapours
  4970 | D:3      | Noticed Grinder
  5508 | D:3      | Reached skill level 1 in Fighting
  6082 | D:4      | Reached XP level 6. HP: 32/34 MP: 12/12
  6824 | D:5      | Entered Level 5 of the Dungeon
  7253 | D:5      | Found a white marble altar of Elyvilon.
  7319 | D:5      | Noticed a water moccasin
  7571 | D:5      | Reached XP level 7. HP: 21/40 MP: 1/13
  8484 | D:5      | Reached skill level 4 in Spellcasting
  8599 | D:5      | Reached XP level 8. HP: 44/48 MP: 9/17
  8664 | D:5      | Reached skill level 5 in Dodging
  8716 | D:6      | Found a sand-covered staircase.
  8732 | Ossuary  | Entered an ossuary
  8981 | Ossuary  | Learned a level 4 spell: Airstrike
  9280 | D:6      | Found Nuzymi's Jewellery Boutique.
  9603 | D:6      | Identified a scroll of acquirement
  9603 | D:6      | Acquired the Tome of Gliding Necromancy
  9616 | D:6      | Learned a level 4 spell: Summon Lightning Spire
  9874 | D:6      | Reached skill level 5 in Spellcasting
 10866 | D:6      | Reached XP level 9. HP: 50/54 MP: 14/20
 11008 | D:6      | Reached skill level 6 in Spellcasting
 11559 | D:7      | Noticed Pikel
 11571 | D:7      | Killed Pikel
 11572 | D:7      | Reached skill level 7 in Spellcasting
 12082 | D:7      | Reached skill level 8 in Spellcasting
 12801 | D:7      | Learned a level 5 spell: Lightning Bolt
 13013 | D:7      | Reached * piety under Ashenzari
 13268 | D:8      | Found a flagged portal.
 13277 | Bailey   | Entered a bailey
 13403 | Bailey   | Reached XP level 10. HP: 59/59 MP: 17/25
 13728 | Bailey   | Reached skill level 9 in Spellcasting
 13854 | Bailey   | Identified the +4 scimitar of Kismet {vorpal, Dex+5}
 13858 | Bailey   | Noticed a two-headed ogre
 13907 | Bailey   | Killed a two-headed ogre
 13908 | Bailey   | Reached skill level 10 in Dodging
 13908 | Bailey   | Reached skill level 5 in Conjurations
 14111 | D:8      | Found a transporter.
 14227 | D:8      | Found a transporter.
 14378 | D:8      | Noticed a gargoyle
 14439 | D:8      | Killed a gargoyle
 14440 | D:8      | Reached skill level 5 in Fighting
 14655 | D:8      | Found a basalt altar of Yredelemnul.
 14732 | D:8      | Reached skill level 10 in Spellcasting
 15162 | D:9      | Noticed Psyche
 15165 | D:9      | Killed Psyche
 15462 | D:9      | Found a staircase to the Orcish Mines.
 15549 | Orc:1    | Entered Level 1 of the Orcish Mines
 15585 | Orc:1    | Noticed an ettin
 15691 | D:9      | Noticed a two-headed ogre
 15780 | D:9      | Reached skill level 11 in Spellcasting
 16015 | D:9      | Reached XP level 11. HP: 60/64 MP: 19/28
 16255 | D:9      | Killed a two-headed ogre
 16446 | D:10     | Entered Level 10 of the Dungeon
 16467 | D:10     | Found a shadowy altar of Dithmenos.
 16510 | D:10     | Identified the +8 quarterstaff of Goemmynk {freeze, Fragile
                  | Str+4}
 16773 | D:10     | Noticed a two-headed ogre
 16792 | D:10     | Killed a two-headed ogre
 16806 | D:10     | Reached skill level 12 in Spellcasting
 17126 | D:10     | Noticed Josephine
 17133 | D:10     | Killed Josephine
 17352 | D:10     | Noticed a centaur warrior
 17630 | D:10     | Identified the Reference Book on Frigorific Dark Arts
 17699 | D:10     | Reached skill level 1 in Summonings
 17810 | D:10     | Reached skill level 13 in Spellcasting
 17955 | D:10     | Identified the +1 halberd of the Badger {speed, rC+ Will++
                  | Dex-4 SInv}
 17977 | D:10     | Noticed a tengu warrior
 17990 | D:10     | Killed a tengu warrior
 18398 | D:10     | Killed a centaur warrior
 18657 | D:11     | Found a staircase to the Lair.
 18657 | D:11     | Noticed a two-headed ogre
 18668 | D:11     | Killed a two-headed ogre
 18797 | D:11     | Reached XP level 12. HP: 74/75 MP: 6/31
 19106 | D:11     | Reached skill level 10 in Air Magic
 19613 | D:11     | Reached skill level 14 in Spellcasting
 19721 | D:11     | Identified the +9 mace "Laguibbo" {vorpal, rPois rN+}
 19985 | D:12     | Noticed an eight-headed hydra
 20004 | D:12     | Killed an eight-headed hydra
 20006 | D:12     | Reached ** piety under Ashenzari
 20239 | D:12     | Noticed a boulder beetle
 20360 | Lair:1   | Entered Level 1 of the Lair of Beasts
 20824 | Lair:1   | Identified the +0 helmet of Darkness {rElec}
 21060 | Lair:1   | Reached skill level 15 in Spellcasting
 21640 | Lair:2   | Noticed Fannar
 21646 | Lair:2   | Killed Fannar
 21898 | Lair:2   | Found a staircase to the Shoals.
 21921 | Lair:2   | Reached *** piety under Ashenzari
 22104 | Lair:2   | Found a hole to the Spider Nest.
 22147 | Lair:2   | Reached skill level 10 in Fighting
 22896 | Lair:3   | Reached skill level 1 in Evocations
 22960 | Lair:3   | Reached skill level 1 in Long Blades
 23025 | Lair:3   | Reached XP level 13. HP: 82/82 MP: 30/34
 23283 | Lair:3   | Learned a level 5 spell: Agony
 23287 | Lair:3   | Learned a level 3 spell: Ozocubu's Armour
 24368 | Lair:4   | Found an iron altar of Okawaru.
 24416 | Lair:4   | Found a gate leading to a gauntlet.
 24425 | Gauntlet | Entered a Gauntlet
 24425 | Gauntlet | Found a transporter.
 24425 | Gauntlet | Found a transporter.
 24532 | Gauntlet | Reached **** piety under Ashenzari
 24533 | Gauntlet | Found a transporter.
 24533 | Gauntlet | Found a transporter.
 24533 | Gauntlet | Found a transporter.
 24534 | Gauntlet | Found a transporter.
 24543 | Gauntlet | Identified the +8 trident "Ebloeqio" {vorpal, Dex+4 SInv}
 24544 | Gauntlet | Noticed a bunyip
 24544 | Gauntlet | a radroach changed into a bunyip
 24545 | Gauntlet | Found a transporter.
 24545 | Gauntlet | Noticed a ghost moth
 24545 | Gauntlet | a bunyip changed into a ghost moth
 24547 | Gauntlet | Found a transporter.
 24548 | Gauntlet | Noticed a quicksilver ooze
 24548 | Gauntlet | a ghost moth changed into a quicksilver ooze
 24550 | Gauntlet | a quicksilver ooze changed into an alligator
 24557 | Gauntlet | Found a transporter.
 24559 | Gauntlet | Found a transporter.
 24559 | Gauntlet | Found a transporter.
 24648 | Gauntlet | Reached skill level 5 in Long Blades
 25232 | Gauntlet | Noticed a minotaur
 25307 | Gauntlet | Killed a minotaur
 25510 | Lair:4   | Identified the +5 scimitar "Demonslayer" {elec, rElec rF+++
                  | Int-4 Dex+3}
 25785 | Lair:4   | Noticed Nergalle
 25864 | Lair:4   | Identified the ring of Tymatot {rPois rCorr Int+4}
 25871 | Lair:4   | Killed Nergalle
 26401 | Lair:5   | Reached skill level 1 in Necromancy
 26622 | Lair:5   | Noticed Rupert
 26652 | Lair:5   | Killed Rupert
 27331 | Lair:5   | Reached XP level 14. HP: 91/91 MP: 14/35
 27664 | Lair:5   | Found a viscous altar of Jiyva.
 27665 | Lair:5   | Found a staircase to the Slime Pits.
 28182 | Lair:6   | Entered Level 6 of the Lair of Beasts
 28394 | Lair:6   | Reached skill level 1 in Shields
 29128 | Lair:6   | Reached skill level 16 in Spellcasting
 29754 | Lair:6   | Upgraded the game from 0.28-a0-1389-gc726bef33b to
                  | 0.28-a0-1412-gf95308ed99
 30197 | Lair:6   | Reached ***** piety under Ashenzari
 30681 | Lair:6   | Reached skill level 17 in Spellcasting
 31187 | Lair:6   | Found a one-way gate to the infinite horrors of the Abyss.
 32176 | Lair:6   | Reached skill level 5 in Evocations
 32439 | Lair:6   | Reached XP level 15. HP: 100/100 MP: 3/40
 32583 | Lair:6   | Found a corrupted altar of Lugonu.
 33734 | Orc:1    | Identified the +6 whip of Saltpetre {vorpal, Fly rF- Dex+3}
 33738 | Orc:1    | Identified the +9 flail of the Spectre {elec, Int+4 Dex+4}
 33770 | Orc:1    | Identified the +11 mace "Xuecwos" {vorpal, *Noise Will-
                  | rCorr Str+9}
 33788 | Orc:1    | Identified the +6 scythe of Grace {drain, rF++ rN+ Will-
                  | rCorr}
 33788 | Orc:1    | Identified the +1 leather armour of Ulai {rCorr Str+2
                  | Dex-5}
 33788 | Orc:1    | Identified the ring of the Robin {Fire rN+}
 33790 | Orc:1    | Identified the +8 scimitar of Gravity {antimagic, Str+2}
 34370 | Orc:1    | Identified the +0 rapier of Lexexail {flame, *Corrode *Slow
                  | rN+ Int+8}
 34630 | Orc:2    | Entered Level 2 of the Orcish Mines
 35110 | Orc:2    | Found Unkugueg's Antique Armour Emporium.
 35173 | Orc:2    | Found a staircase to the Elven Halls.
 35359 | Orc:2    | Found Genam's Armour Shoppe.
 35738 | Orc:2    | Found Ilyib's General Store.
 36139 | Orc:2    | Noticed Saint Roka
 36161 | Orc:2    | Killed Saint Roka
 36356 | Orc:2    | Found Jeonic's Antique Weapon Shoppe.
 36425 | Orc:2    | Found Vicisojy's Distillery.
 36447 | Orc:2    | Bought a potion of resistance for 120 gold pieces
 36447 | Orc:2    | Bought a potion of heal wounds for 60 gold pieces
 36447 | Orc:2    | Bought a potion of heal wounds for 60 gold pieces
 36447 | Orc:2    | Bought a potion of magic for 96 gold pieces
 36661 | D:13     | Found Humuatu's Overcharged Wands.
 36764 | D:13     | Bought a wand of digging (15) for 646 gold pieces
 36898 | D:13     | Reached skill level 10 in Long Blades
 36913 | D:13     | HP: 3/100 [centaur warrior/arrow (19)]
 36914 | D:13     | Slain by a centaur warrior

Illustrated notes

Levels and vault maps discovered:
D:1:      ebering_trefoil_3fold, layout_basic
D:2:      layout_basic, shapermc_ecumenical_altar_mp_vishouse,
          uniq_crazy_yiuf_cottage
D:3:      layout_loops_ring, uniq_grinder, uniq_jessica
D:4:      layout_basic, minmay_temple_entry_overgrown
D:5:      layout_basic, nicolae_elyvilon_temple_path
D:6:      layout_basic, nicolae_ossuary_entry_monument, serial_shops, shop,
          minmay_holes
D:7:      layout_layer_cave, uniq_pikel
D:8:      gammafunk_steamed_eel, layout_rooms, mainiacjoe_overflow_24_doors,
          enter_bailey_1
D:9:      kennysheep_six_static_rooms, layout_basic, david_orc_2,
          kennysheep_boxes, uniq_psyche
D:10:     minmay_cut_squares, layout_irregular_city,
          nicolae_dithmenos_shadow_blocks, uniq_josephine
D:11:     layout_long_grid, erik_lair_orcish_takeover
D:12:     layout_cross
D:13:     layout_cave_pools, grunt_vaults_entry_fortified, special_room
          [special_room_orc], serial_shops, nicolae_shop_waterfront,
          nicolae_shop_overcharged_wands, uniq_urug
Temple:   mainiacjoe_temple_bowtie_tessellation
Lair:1:   layout_regular_city, serial_bayou_shore_b, grunt_megastairs_5,
          infiniplex_staircase_pool
Lair:2:   layout_small_grid, minmay_shoals_entry_centaurs,
          spider_nest_entry_funnel_web, serial_bayou_shore_b,
          grunt_megastairs_2, lemuel_fruit_tree, uniq_fannar
Lair:3:   layout_gridlike, st_stairs_10, beast_lair_carwin_7
Lair:4:   layout_regular_city, gauntlet_entry_generic, basic_altar,
          uniq_nergalle
Lair:5:   layout_layer_cave, slime_altar_1, uniq_rupert
Lair:6:   hellmonk_lair_end_abyssal_woods, layout_hall_layers,
          portal_ice_cave_entry_pillars_1, grunt_forest_large_clearings
Orc:1:    giant_chief_lemuel, layout_caves, nicolae_orc_lost_temple
Orc:2:    grunt_orc_community_town_hall, layout_caves,
          grunt_orc_community_big_house_1, grunt_orc_community_big_house_2,
          grunt_orc_community_house_3, grunt_orc_community_house_2,
          grunt_orc_community_house_3, grunt_orc_community_house_3,
          grunt_orc_community_house_2, grunt_orc_community_house_3,
          serial_shops, nicolae_lakefront_shop, basic_altar

Skill      XL: |  1  2  3  4  5  6  7  8  9 10 11 12 13 14 15 |
---------------+----------------------------------------------+-----
Stealth        | 3 4 |  4.1
Air Magic      | 4 5 7 8 9 11 | 11.5
Fighting       | 1 2 3 4 6 8 10 11 12 | 12.0
Dodging        | 4 7 9 10 | 10.0
Spellcasting   | 4 5 8 11 13 15 17 | 17.9
Conjurations   | 3 5 6 |  6.3
Summonings     | 3 |  3.0
Evocations     | 1 4 5 8 |  8.5
Long Blades    | 1 5 8 10 | 10.1
Necromancy     | 3 |  3.2
Shields        | 2 |  2.4

Action                   |  1- 3 |  4- 6 |  7- 9 | 10-12 | 13-15 || total
-------------------------+-------+-------+-------+-------+-------++-------
Melee: Short sword       |    12 |    84 |       |       |       ||    96
       Trident           |       |     1 |     1 |       |       ||     2
       Flail             |       |       |    51 |     2 |       ||    53
       Scimitar          |       |       |       |   107 |   334 ||   441
 Cast: Shock             |    49 |    26 |   183 |    61 |    13 ||   332
       Static Discharge  |    17 |    40 |    49 |    37 |    23 ||   166
       Poisonous Vapours |       |     2 |     2 |     2 |     1 ||     7
       Airstrike         |       |       |    42 |    82 |     6 ||   130
       Summon Lightning  |       |       |       |    47 |   180 ||   227
       Lightning Bolt    |       |       |       |    54 |   167 ||   221
       Swiftness         |       |       |       |       |     1 ||     1
Invok: Curse Item        |       |       |     2 |     4 |     4 ||    10
       Shatter the Chain |       |       |       |     1 |       ||     1
Evoke: Wand              |       |       |       |     8 |     5 ||    13
  Use: Scroll            |       |     7 |     7 |     4 |     9 ||    27
       Potion            |       |       |       |     6 |     9 ||    15
 Stab: Sleeping          |     4 |     8 |     1 |       |     1 ||    14
       Distracted        |       |       |       |       |    13 ||    13
       Invisible         |       |       |       |       |     5 ||     5
Armor: Robe              |     3 |     1 |    23 |    47 |   113 ||   187
       Leather armour    |       |    23 |     1 |       |       ||    24
Dodge: Dodged            |    20 |    70 |    75 |   205 |   799 ||  1169
Block: Buckler           |       |       |       |       |    54 ||    54

Table legend: (Time is in decaauts)
 A = Elapsed time spent in this place.
 B = Non-inter-level travel time spent in this place.
 C = Inter-level travel time spent in this place.
 D = Time resting spent in this place.
 E = Time spent auto-exploring this place.
 F = Levels seen in this place.
 G = Mean time per level.
                   A        B        C        D        E       F      G
               +--------+--------+--------+--------+--------+-----+--------+
         Total |  37034 |  35612 |   1422 |  12660 |  14154 |  25 | 1481.4 |
       Dungeon |  19400 |  18691 |    709 |   6678 |   7840 |  13 | 1492.3 |
        Temple |    245 |    207 |     38 |      0 |    191 |   1 |  245.0 |
          Lair |  11459 |  10978 |    481 |   3720 |   4729 |   6 | 1909.8 |
  Orcish Mines |   3610 |   3417 |    193 |    825 |   1216 |   2 | 1805.0 |
       Ossuary |    538 |    538 |      0 |    196 |    154 |   1 |  538.0 |
        Bailey |    818 |    818 |      0 |    557 |      8 |   1 |  818.0 |
      Gauntlet |    962 |    962 |      0 |    684 |     15 |   1 |  962.0 |
               +--------+--------+--------+--------+--------+-----+--------+

Top non-repeatable levels by time:
  Lair:5: 3482 daAuts
  Lair:6: 2620 daAuts
     D:4: 2378 daAuts
    D:10: 1994 daAuts
     D:9: 1933 daAuts
   Orc:1: 1903 daAuts
     D:6: 1891 daAuts
     D:7: 1891 daAuts
     D:5: 1711 daAuts
   Orc:2: 1706 daAuts
     D:1: 1577 daAuts
     D:3: 1534 daAuts
     D:2: 1530 daAuts
    D:11: 1516 daAuts
  Lair:2: 1430 daAuts
